BlackHawks vs Flyers

Created - 6 janvier 2021 at 20:23

Goals
1 2 3 T
BlackHawks 1 1 0 2
Flyers 3 0 1 4
Shots
1 2 3 T
BlackHawks 8 9 15 32
Flyers 17 14 5 36

1st period

1. Flyers , Tomas Tatar 12 (Rasmus Andersson 15, Nick Schmaltz 7) at 3:59
2. BlackHawks , Jake Virtanen 6 (Phillip Danault 24, Scott Laughton 12) at 6:06
3. Flyers , Jamie Benn 13 (Jakub Voracek 15, Brendan Gallagher 20) at 7:13
4. Flyers , Jakub Voracek 11 (Jamie Benn 23) at 14:49 (PP)

Penalties :
Rasmus Andersson (PHI) for Interference (Minor) at 11:13, John Marino (CHI) for Cross-checking (Minor) at 14:43, Brandon Carlo (CHI) for Hooking (Minor) at 19:11

2nd period

5. BlackHawks , Brandon Carlo 2 (Justin Faulk 13, Scott Laughton 13) at 2:51 (PP)

Penalties :
Ryan Graves (PHI) for Holding (Minor) at 1:33, Jaden Schwartz (CHI) for Tripping (Minor) at 4:24

3rd period

6. Flyers , Brendan Gallagher 14 (Jakub Voracek 16, Jamie Benn 24) at 6:23

Penalties :
Rasmus Andersson (PHI) for Tripping (Minor) at 7:32, Ryan Graves (PHI) for Tripping (Minor) at 18:31

Goalie Stats

Jacob Markstrom (CHI), 32 saves from 36 shots - (0,889), L, 15-19-2, 60:00 minutes
Pavel Francouz (PHI), 30 saves from 32 shots - (0,938), W, 17-13-1, 60:00 minutes

Players Stats for BlackHawks

Player Name              G  A  P  +/- PIM S  H  SB GA TA FO     MP     PP MP  PK MP  
------------------------------------------------------------------------------------
Adam Larsson             0  0  0   0  0   0  3  0  0  0  0/0    11:01   0:00   0:00 
Anze Kopitar             0  0  0   0  0   3  4  0  0  0  14/35  25:22   3:23   2:34 
Ben Hutton               0  0  0  -1  0   0  0  0  0  0  0/0     5:30   0:00   0:00 
Brandon Carlo            1  0  1  -1  2   2  2  0  0  0  0/0    18:59   3:04   1:07 
Curtis Lazar             0  0  0  -2  0   3  1  1  0  0  0/2    14:19   0:17   0:00 
Erik Johnson             0  0  0   0  0   1  3  0  0  0  0/0    23:53   3:40   2:21 
Ivan Barbashev           0  0  0   0  0   2  0  0  0  0  5/8     5:05   0:00   1:16 
Jaden Schwartz           0  0  0   0  2   3  2  0  0  0  0/1    21:00   3:23   0:24 
Jake Virtanen            1  0  1   0  0   4  1  0  0  0  1/3    18:24   3:04   0:00 
Jared McCann             0  0  0  -2  0   2  1  0  0  0  5/11   14:21   0:17   0:16 
John Marino              0  0  0  -1  2   0  1  0  0  0  0/0     5:29   0:00   0:00 
Johnny Boychuk           0  0  0   0  0   0  2  0  0  0  0/0    11:37   0:00   0:36 
Justin Faulk             0  1  1  -1  0   1  1  1  0  0  0/0    19:36   3:04   1:43 
Lawson Crouse            0  0  0  -2  0   4  2  0  0  0  1/1    14:19   0:17   0:00 
Phil Kessel              0  0  0   0  0   3  1  0  0  0  1/2    21:51   3:23   1:14 
Phillip Danault          0  1  1   0  0   0  2  0  0  0  8/17   22:50   3:04   2:24 
Ryan Ellis               0  0  0   0  0   2  0  0  0  0  0/0    23:53   3:40   2:21 
Scott Laughton           0  2  2   0  0   2  0  0  0  0  1/3    18:24   3:04   0:00 

Players Stats for Flyers

Player Name              G  A  P  +/- PIM S  H  SB GA TA FO     MP     PP MP  PK MP  
------------------------------------------------------------------------------------
Brendan Gallagher        1  1  2   1  0   9  1  0  0  0  2/2    20:22   1:54   0:00 
Jake Debrusk             0  0  0   0  0   0  0  0  0  0  0/0    10:33   0:00   0:10 
Jakub Voracek            1  2  3   1  0   4  1  0  0  0  2/3    20:22   1:54   0:00 
Jamie Benn               1  2  3   1  0   2  6  0  0  0  19/30  20:22   1:54   0:00 
Joel Eriksson Ek         0  0  0   0  0   2  1  0  0  0  8/17   14:41   0:00   4:18 
Johan Larsson            0  0  0   0  0   2  0  0  0  0  3/7     8:39   0:00   2:31 
Jonas Brodin             0  0  0   0  0   0  2  2  0  0  0/0    24:25   0:00   4:03 
Markus Granlund          0  0  0   0  0   0  1  0  0  0  1/3    14:36   0:00   4:13 
Nick Schmaltz            0  1  1   1  0   2  0  1  0  0  1/2    16:23   2:10   0:00 
Nino Niederreiter        0  0  0   0  0   0  0  0  0  0  0/0     8:13   0:00   2:05 
Noah Hanifin             0  0  0   1  0   2  0  0  0  0  0/0    18:42   2:16   0:40 
Paul Stastny             0  0  0   1  0   2  3  0  0  0  10/17  16:34   2:10   0:11 
Rasmus Andersson         0  1  1   1  4   2  0  2  0  0  0/0    19:40   1:48   2:08 
Robert Thomas            0  0  0   0  0   2  0  0  0  0  1/1     6:08   0:00   0:00 
Ryan Graves              0  0  0   1  4   0  1  4  0  0  0/0    15:45   0:00   2:43 
Tomas Tatar              1  0  1   1  0   5  3  0  0  0  0/1    16:23   2:10   0:00 
Victor Hedman            0  0  0   0  0   0  1  6  0  0  0/0    25:12   2:16   2:34 
Vince Dunn               0  0  0   1  0   2  0  0  0  0  0/0    16:12   1:48   1:20 

3 Stars

1 - Jamie Benn (PHI)
2 - Jakub Voracek (PHI)
3 - Brendan Gallagher (PHI)

Power Play

BlackHawks - 1 on 4 Attempt(s) - 25,00%
Flyers - 1 on 3 Attempt(s) - 33,33%

Penalty Kill

BlackHawks - 2 on 3 Attempt(s) - 66,67% - Score 0 goal in Penalty Kill
Flyers - 3 on 4 Attempt(s) - 75,00% - Score 0 goal in Penalty Kill

Team Stat

BlackHawks - Hits : 26 - Faceoff Wins : 36 - Blocked Shots : 2 - Penalty Minutes : 6
Flyers - Hits : 20 - Faceoff Wins : 47 - Blocked Shots : 15 - Penalty Minutes : 8

Official

Referees : Kyle Rehman and Dan O'Rourke
Linesman : Bevan Mills and Ryan Galloway

Game Notes

No Game Note

Finance

Level 1 -- Attendance: 6290 (96,77%) -- Ticket Income 691 900 $
Level 2 -- Attendance: 5000 (100,00%) -- Ticket Income 375 000 $
Level 3 -- Attendance: 3044 (86,97%) -- Ticket Income 170 464 $
Level 4 -- Attendance: 1565 (100,00%) -- Ticket Income 62 600 $
Luxury Box -- Attendance: 1000 (100,00%) -- Ticket Income 199 000 $
Game was played at the Wells Fargo Center.
Total Attendance: 16899 (96,21%)
Total Ticket Income: 1 498 964 $
Other Income: 734 492 $
Total Income: 2 233 456 $

% Time on Ice - BlackHawks

Lines # - Real PCT - Wanted PCT - Time Play
Normal Forward
1 - 35% - 40% - 17:14
2 - 31% - 30% - 15:20
3 - 29% - 20% - 14:02
4 - 5% - 10% - 2:36
Normal Defense
1 - 36% - 40% - 17:52
2 - 30% - 30% - 14:49
3 - 22% - 20% - 11:01
4 - 11% - 10% - 5:30
PP Forward
1 - 50% - 60% - 3:23
2 - 50% - 40% - 3:21
PP Defense
1 - 54% - 60% - 3:40
2 - 46% - 40% - 3:04
PK Forward
1 - 70% - 60% - 2:50
2 - 30% - 40% - 1:14
PK Defense
1 - 58% - 60% - 2:21
2 - 42% - 40% - 1:43
PK3 Forward
1 - 0% - 60%
2 - 0% - 40%
PK3 Defense
1 - 0% - 60%
2 - 0% - 40%
44 Forward
1 - 0% - 60%
2 - 0% - 40%
44 Defense
1 - 0% - 60%
2 - 0% - 40%
Last Minute Offensive  - 0:00
Last Minute Defensive  - 0:00
Total
Forward - 60:00
Defense - 60:00

% Time on Ice - Flyers

Lines # - Real PCT - Wanted PCT - Time Play
Normal Forward
1 - 38% - 40% - 18:28
2 - 29% - 30% - 14:13
3 - 21% - 20% - 10:23
4 - 12% - 10% - 6:08
Normal Defense
1 - 38% - 40% - 18:36
2 - 32% - 30% - 15:46
3 - 27% - 20% - 13:04
4 - 4% - 10% - 1:46
PP Forward
1 - 47% - 60% - 1:54
2 - 53% - 40% - 2:10
PP Defense
1 - 56% - 60% - 2:16
2 - 44% - 40% - 1:48
PK Forward
1 - 69% - 60% - 4:39
2 - 31% - 40% - 2:05
PK Defense
1 - 80% - 60% - 5:24
2 - 20% - 40% - 1:20
PK3 Forward
1 - 0% - 60%
2 - 0% - 40%
PK3 Defense
1 - 0% - 60%
2 - 0% - 40%
44 Forward
1 - 0% - 60%
2 - 0% - 40%
44 Defense
1 - 0% - 60%
2 - 0% - 40%
Last Minute Offensive  - 0:00
Last Minute Defensive  - 0:00
Total
Forward - 60:00
Defense - 60:00

Play-by-Play

1st period


0:01 of 1st period - Anze Kopitar wins face-off versus Jamie Benn in neutral zone.
0:05 of 1st period - Off-side.
0:06 of 1st period - Phillip Danault wins face-off versus Paul Stastny in neutral zone.
0:19 of 1st period - Scott Laughton is hit by Tomas Tatar and loses puck.
0:36 of 1st period - Shot by Tomas Tatar.
0:36 of 1st period - Shot Misses the Net.
1:11 of 1st period - Shot by Brendan Gallagher.
1:11 of 1st period - Stopped by Jacob Markstrom without a rebound.
1:12 of 1st period - Anze Kopitar wins face-off versus Joel Eriksson Ek in BlackHawks zone.
2:12 of 1st period - Shot by Lawson Crouse.
2:12 of 1st period - Shot Blocked by Ryan Graves.
2:34 of 1st period - Shot by Jared McCann.
2:34 of 1st period - Shot Blocked by Ryan Graves.
2:36 of 1st period - Shot by Curtis Lazar.
2:36 of 1st period - Stopped by Pavel Francouz without a rebound.
2:37 of 1st period - Ivan Barbashev wins face-off versus Jamie Benn in Flyers zone.
2:49 of 1st period - Shot by Brendan Gallagher.
2:49 of 1st period - Stopped by Jacob Markstrom without a rebound.
2:50 of 1st period - Johan Larsson wins face-off versus Scott Laughton in BlackHawks zone.
3:25 of 1st period - Shot by Robert Thomas.
3:25 of 1st period - Stopped by Jacob Markstrom without a rebound.
3:26 of 1st period - Jakub Voracek wins face-off versus Jaden Schwartz in BlackHawks zone.
3:29 of 1st period - Shot by Jakub Voracek.
3:29 of 1st period - Stopped by Jacob Markstrom without a rebound.
3:30 of 1st period - Jamie Benn wins face-off versus Anze Kopitar in BlackHawks zone.
3:41 of 1st period - Shot by Brendan Gallagher.
3:41 of 1st period - Shot Misses the Net.
3:53 of 1st period - Shot by Brendan Gallagher.
3:53 of 1st period - Stopped by Jacob Markstrom without a rebound.
3:54 of 1st period - Paul Stastny wins face-off versus Jared McCann in BlackHawks zone.
3:59 of 1st period - Shot by Tomas Tatar.
3:59 of 1st period - Goal by Tomas Tatar - BlackHawks : 0 - Flyers : 1.
4:00 of 1st period - Jared McCann wins face-off versus Paul Stastny in neutral zone.
4:21 of 1st period - Victor Hedman is hit by Adam Larsson and loses puck.
4:29 of 1st period - Tomas Tatar is hit by Adam Larsson and loses puck.
4:37 of 1st period - Paul Stastny is hit by Adam Larsson and loses puck.
4:58 of 1st period - Shot by Brendan Gallagher.
4:58 of 1st period - Stopped by Jacob Markstrom without a rebound.
4:59 of 1st period - Anze Kopitar wins face-off versus Johan Larsson in BlackHawks zone.
5:15 of 1st period - Shot by Ryan Ellis.
5:15 of 1st period - Shot Misses the Net.
5:23 of 1st period - Ryan Graves is hit by Jaden Schwartz and loses puck.
6:06 of 1st period - Shot by Jake Virtanen.
6:06 of 1st period - Goal by Jake Virtanen - BlackHawks : 1 - Flyers : 1.
6:07 of 1st period - Phillip Danault wins face-off versus Nick Schmaltz in neutral zone.
6:30 of 1st period - Shot by Tomas Tatar.
6:30 of 1st period - Shot Blocked by Justin Faulk.
6:42 of 1st period - Shot by Jake Virtanen.
6:42 of 1st period - Stopped by Pavel Francouz without a rebound.
6:43 of 1st period - Jamie Benn wins face-off versus Curtis Lazar in Flyers zone.
6:50 of 1st period - Shot by Jakub Voracek.
6:50 of 1st period - Stopped by Jacob Markstrom without a rebound.
6:51 of 1st period - Jared McCann wins face-off versus Jamie Benn in BlackHawks zone.
6:51 of 1st period - Jared McCann is hit by Jamie Benn.
7:13 of 1st period - Shot by Jamie Benn.
7:13 of 1st period - Goal by Jamie Benn - BlackHawks : 1 - Flyers : 2.
7:14 of 1st period - Joel Eriksson Ek wins face-off versus Anze Kopitar in neutral zone.
7:25 of 1st period - Victor Hedman is hit by Anze Kopitar and loses puck.
7:52 of 1st period - Shot by Phil Kessel.
7:52 of 1st period - Shot Blocked by Jonas Brodin.
8:00 of 1st period - Erik Johnson is hit by Joel Eriksson Ek and loses puck.
9:03 of 1st period - Brendan Gallagher is hit by Jake Virtanen and loses puck.
9:59 of 1st period - Shot by Lawson Crouse.
9:59 of 1st period - Shot Blocked by Ryan Graves.
10:21 of 1st period - Shot by Nino Niederreiter.
10:21 of 1st period - Deflect By Robert Thomas.
10:21 of 1st period - Stopped by Jacob Markstrom with a rebound.
10:23 of 1st period - Shot by Johan Larsson.
10:23 of 1st period - Stopped by Jacob Markstrom without a rebound.
10:24 of 1st period - Joel Eriksson Ek wins face-off versus Anze Kopitar in BlackHawks zone.
10:39 of 1st period - Shot by Joel Eriksson Ek.
10:39 of 1st period - Deflect By Jake Debrusk.
10:39 of 1st period - Shot Misses the Net.
10:41 of 1st period - Shot by Joel Eriksson Ek.
10:41 of 1st period - Shot Misses the Net.
11:00 of 1st period - Jake Debrusk is hit by Erik Johnson and loses puck.
11:08 of 1st period - Icing by Anze Kopitar.
11:09 of 1st period - Anze Kopitar wins face-off versus Jamie Benn in BlackHawks zone.
11:13 of 1st period - Minor Penalty to Rasmus Andersson for Interference.
11:14 of 1st period - Phillip Danault wins face-off versus Joel Eriksson Ek in Flyers zone.
11:29 of 1st period - Shot by Justin Faulk.
11:29 of 1st period - Stopped by Pavel Francouz with a rebound.
11:33 of 1st period - Shot by Jake Virtanen.
11:33 of 1st period - Shot Misses the Net.
11:35 of 1st period - Shot by Scott Laughton.
11:35 of 1st period - Stopped by Pavel Francouz without a rebound.
11:36 of 1st period - Phillip Danault wins face-off versus Joel Eriksson Ek in Flyers zone.
12:37 of 1st period - Shot by Ryan Ellis.
12:37 of 1st period - Shot Hit the Post.
12:39 of 1st period - Shot by Jaden Schwartz.
12:39 of 1st period - Deflect By Phil Kessel.
12:39 of 1st period - Shot Misses the Net.
12:49 of 1st period - Shot by Jaden Schwartz.
12:49 of 1st period - Shot Misses the Net.
12:51 of 1st period - Shot by Jaden Schwartz.
12:51 of 1st period - Stopped by Pavel Francouz with a rebound.
13:41 of 1st period - Shot by Brendan Gallagher.
13:41 of 1st period - Stopped by Jacob Markstrom with a rebound.
14:09 of 1st period - Off-side.
14:10 of 1st period - Paul Stastny wins face-off versus Phillip Danault in neutral zone.
14:26 of 1st period - Shot by Paul Stastny.
14:26 of 1st period - Stopped by Jacob Markstrom without a rebound.
14:27 of 1st period - Joel Eriksson Ek wins face-off versus Phil Kessel in BlackHawks zone.
14:27 of 1st period - Jake Debrusk is hit by John Marino and loses puck.
14:43 of 1st period - Minor Penalty to John Marino for Cross-checking.
14:44 of 1st period - Jamie Benn wins face-off versus Anze Kopitar in BlackHawks zone.
14:47 of 1st period - Shot by Jakub Voracek.
14:47 of 1st period - Shot Misses the Net.
14:49 of 1st period - Shot by Jakub Voracek.
14:49 of 1st period - Goal by Jakub Voracek - BlackHawks : 1 - Flyers : 3.
14:50 of 1st period - Jamie Benn wins face-off versus Phillip Danault in neutral zone.
15:17 of 1st period - Off-side.
15:18 of 1st period - Paul Stastny wins face-off versus Anze Kopitar in neutral zone.
15:18 of 1st period - Victor Hedman is hit by Brandon Carlo and loses puck.
15:37 of 1st period - Shot by Anze Kopitar.
15:37 of 1st period - Shot Misses the Net.
15:39 of 1st period - Shot by Phil Kessel.
15:39 of 1st period - Shot Misses the Net.
15:41 of 1st period - Shot by Brandon Carlo.
15:41 of 1st period - Shot Misses the Net.
15:43 of 1st period - Shot by Phil Kessel.
15:43 of 1st period - Shot Blocked by Victor Hedman.
15:45 of 1st period - Shot by Justin Faulk.
15:45 of 1st period - Shot Blocked by Jonas Brodin.
15:53 of 1st period - Shot by Anze Kopitar.
15:53 of 1st period - Stopped by Pavel Francouz without a rebound.
15:54 of 1st period - Jamie Benn wins face-off versus Phillip Danault in Flyers zone.
16:20 of 1st period - Shot by Brendan Gallagher.
16:20 of 1st period - Shot Misses the Net.
16:22 of 1st period - Shot by Rasmus Andersson.
16:22 of 1st period - Stopped by Jacob Markstrom without a rebound.
16:23 of 1st period - Johan Larsson wins face-off versus Curtis Lazar in BlackHawks zone.
16:34 of 1st period - Shot by Robert Thomas.
16:34 of 1st period - Shot Blocked by Curtis Lazar.
17:27 of 1st period - Icing by Ryan Ellis.
17:28 of 1st period - Brendan Gallagher wins face-off versus Anze Kopitar in BlackHawks zone.
17:28 of 1st period - Victor Hedman is hit by Erik Johnson.
17:51 of 1st period - Jakub Voracek is hit by Erik Johnson and loses puck.
18:02 of 1st period - Shot by Anze Kopitar.
18:02 of 1st period - Stopped by Pavel Francouz without a rebound.
18:03 of 1st period - Paul Stastny wins face-off versus Phillip Danault in Flyers zone.
18:11 of 1st period - Nick Schmaltz is hit by Justin Faulk and loses puck.
19:03 of 1st period - Jake Debrusk is hit by Brandon Carlo and loses puck.
19:11 of 1st period - Minor Penalty to Brandon Carlo for Hooking.
19:12 of 1st period - Jamie Benn wins face-off versus Anze Kopitar in BlackHawks zone.
19:35 of 1st period - Shot by Vince Dunn.
19:35 of 1st period - Stopped by Jacob Markstrom without a rebound.
19:36 of 1st period - Paul Stastny wins face-off versus Phillip Danault in BlackHawks zone.
19:51 of 1st period - Shot by Noah Hanifin.
19:51 of 1st period - Stopped by Jacob Markstrom without a rebound.
19:52 of 1st period - Jamie Benn wins face-off versus Anze Kopitar in BlackHawks zone.
Goals for this period are 1 for BlackHawks vs 3 for Flyers.
Shots for this period are 8 for BlackHawks vs 17 for Flyers.

2nd period


0:01 of 2nd period - Jamie Benn wins face-off versus Anze Kopitar in neutral zone.
0:10 of 2nd period - Shot by Noah Hanifin.
0:10 of 2nd period - Stopped by Jacob Markstrom with a rebound.
0:12 of 2nd period - Shot by Jamie Benn.
0:12 of 2nd period - Stopped by Jacob Markstrom without a rebound.
0:13 of 2nd period - Paul Stastny wins face-off versus Anze Kopitar in BlackHawks zone.
1:05 of 2nd period - Rasmus Andersson is hit by Johnny Boychuk and loses puck.
1:08 of 2nd period - Shot by Vince Dunn.
1:08 of 2nd period - Stopped by Jacob Markstrom with a rebound.
1:10 of 2nd period - Shot by Rasmus Andersson.
1:10 of 2nd period - Stopped by Jacob Markstrom with a rebound.
1:33 of 2nd period - Minor Penalty to Ryan Graves for Holding.
1:34 of 2nd period - Joel Eriksson Ek wins face-off versus Anze Kopitar in Flyers zone.
1:34 of 2nd period - Joel Eriksson Ek is hit by Jaden Schwartz.
1:54 of 2nd period - Anze Kopitar is hit by Jonas Brodin and loses puck.
2:43 of 2nd period - Shot by Jake Virtanen.
2:43 of 2nd period - Shot Misses the Net.
2:45 of 2nd period - Shot by Scott Laughton.
2:45 of 2nd period - Shot Blocked by Rasmus Andersson.
2:47 of 2nd period - Shot by Justin Faulk.
2:47 of 2nd period - Shot Blocked by Rasmus Andersson.
2:49 of 2nd period - Shot by Justin Faulk.
2:49 of 2nd period - Shot Misses the Net.
2:51 of 2nd period - Shot by Brandon Carlo.
2:51 of 2nd period - Goal by Brandon Carlo - BlackHawks : 2 - Flyers : 3.
2:52 of 2nd period - Jamie Benn wins face-off versus Jared McCann in neutral zone.
2:52 of 2nd period - Jakub Voracek is hit by Lawson Crouse.
2:54 of 2nd period - Shot by Brendan Gallagher.
2:54 of 2nd period - Stopped by Jacob Markstrom with a rebound.
3:14 of 2nd period - Shot by Lawson Crouse.
3:14 of 2nd period - Stopped by Pavel Francouz without a rebound.
3:15 of 2nd period - Anze Kopitar wins face-off versus Paul Stastny in Flyers zone.
3:26 of 2nd period - Shot by Jaden Schwartz.
3:26 of 2nd period - Shot Misses the Net.
3:32 of 2nd period - Shot by Anze Kopitar.
3:32 of 2nd period - Stopped by Pavel Francouz without a rebound.
3:33 of 2nd period - Jamie Benn wins face-off versus Jake Virtanen in Flyers zone.
3:47 of 2nd period - Icing by Victor Hedman.
3:48 of 2nd period - Jamie Benn wins face-off versus Anze Kopitar in Flyers zone.
3:48 of 2nd period - Jamie Benn is hit by Phil Kessel.
3:51 of 2nd period - Brendan Gallagher is hit by Anze Kopitar.
4:24 of 2nd period - Minor Penalty to Jaden Schwartz for Tripping.
4:25 of 2nd period - Anze Kopitar wins face-off versus Paul Stastny in BlackHawks zone.
4:25 of 2nd period - Anze Kopitar is hit by Paul Stastny.
5:33 of 2nd period - Shot by Brendan Gallagher.
5:33 of 2nd period - Stopped by Jacob Markstrom with a rebound.
6:06 of 2nd period - Shot by Rasmus Andersson.
6:06 of 2nd period - Shot Misses the Net.
6:08 of 2nd period - Shot by Paul Stastny.
6:08 of 2nd period - Stopped by Jacob Markstrom without a rebound.
6:09 of 2nd period - Ivan Barbashev wins face-off versus Jamie Benn in BlackHawks zone.
6:21 of 2nd period - Shot by Brendan Gallagher.
6:21 of 2nd period - Stopped by Jacob Markstrom without a rebound.
6:22 of 2nd period - Jamie Benn wins face-off versus Anze Kopitar in BlackHawks zone.
6:46 of 2nd period - Markus Granlund is hit by Johnny Boychuk.
6:52 of 2nd period - Shot by Joel Eriksson Ek.
6:52 of 2nd period - Stopped by Jacob Markstrom without a rebound.
6:53 of 2nd period - Robert Thomas wins face-off versus Phillip Danault in BlackHawks zone.
7:00 of 2nd period - Shot by Johan Larsson.
7:00 of 2nd period - Stopped by Jacob Markstrom without a rebound.
7:01 of 2nd period - Anze Kopitar wins face-off versus Paul Stastny in BlackHawks zone.
7:29 of 2nd period - Shot by Anze Kopitar.
7:29 of 2nd period - Shot Misses the Net.
7:37 of 2nd period - Shot by Jaden Schwartz.
7:37 of 2nd period - Shot Misses the Net.
7:43 of 2nd period - Shot by Anze Kopitar.
7:43 of 2nd period - Shot Misses the Net.
8:05 of 2nd period - Icing by Brandon Carlo.
8:06 of 2nd period - Phillip Danault wins face-off versus Jamie Benn in BlackHawks zone.
8:32 of 2nd period - Icing by Victor Hedman.
8:33 of 2nd period - Jared McCann wins face-off versus Jamie Benn in Flyers zone.
9:26 of 2nd period - Icing by Noah Hanifin.
9:27 of 2nd period - Joel Eriksson Ek wins face-off versus Anze Kopitar in Flyers zone.
9:32 of 2nd period - Ryan Ellis is hit by Markus Granlund and loses puck.
10:02 of 2nd period - Shot by Jaden Schwartz.
10:02 of 2nd period - Shot Blocked by Ryan Graves.
10:20 of 2nd period - Icing by Ryan Ellis.
10:21 of 2nd period - Anze Kopitar wins face-off versus Jamie Benn in BlackHawks zone.
10:26 of 2nd period - Shot by Jakub Voracek.
10:26 of 2nd period - Shot Misses the Net.
11:03 of 2nd period - Anze Kopitar is hit by Jamie Benn and loses puck.
11:08 of 2nd period - Anze Kopitar is hit by Jamie Benn and loses puck.
11:56 of 2nd period - Shot by Phillip Danault.
11:56 of 2nd period - Shot Misses the Net.
11:58 of 2nd period - Shot by Jake Virtanen.
11:58 of 2nd period - Shot Misses the Net.
12:30 of 2nd period - Shot by Lawson Crouse.
12:30 of 2nd period - Stopped by Pavel Francouz with a rebound.
13:10 of 2nd period - Shot by Markus Granlund.
13:10 of 2nd period - Deflect By Joel Eriksson Ek.
13:10 of 2nd period - Stopped by Jacob Markstrom without a rebound.
13:11 of 2nd period - Ivan Barbashev wins face-off versus Jakub Voracek in BlackHawks zone.
13:11 of 2nd period - Ivan Barbashev is hit by Brendan Gallagher.
13:35 of 2nd period - Shot by Phillip Danault.
13:35 of 2nd period - Deflect By Ivan Barbashev.
13:35 of 2nd period - Stopped by Pavel Francouz without a rebound.
13:36 of 2nd period - Ivan Barbashev wins face-off versus Markus Granlund in Flyers zone.
14:20 of 2nd period - Shot by Jaden Schwartz.
14:20 of 2nd period - Stopped by Pavel Francouz without a rebound.
14:21 of 2nd period - Jamie Benn wins face-off versus Jake Virtanen in Flyers zone.
14:53 of 2nd period - Icing by Brandon Carlo.
14:54 of 2nd period - Phillip Danault wins face-off versus Johan Larsson in BlackHawks zone.
15:44 of 2nd period - Off-side.
15:45 of 2nd period - Jakub Voracek wins face-off versus Anze Kopitar in neutral zone.
16:09 of 2nd period - Shot by Jamie Benn.
16:09 of 2nd period - Deflect By Jakub Voracek.
16:09 of 2nd period - Stopped by Jacob Markstrom without a rebound.
16:10 of 2nd period - Lawson Crouse wins face-off versus Paul Stastny in BlackHawks zone.
16:10 of 2nd period - Lawson Crouse is hit by Tomas Tatar.
16:13 of 2nd period - Curtis Lazar is hit by Tomas Tatar and loses puck.
16:19 of 2nd period - Jared McCann is hit by Ryan Graves and loses puck.
16:22 of 2nd period - Shot by Lawson Crouse.
16:22 of 2nd period - Shot Misses the Net.
16:24 of 2nd period - Shot by Curtis Lazar.
16:24 of 2nd period - Stopped by Pavel Francouz without a rebound.
16:25 of 2nd period - Markus Granlund wins face-off versus Anze Kopitar in Flyers zone.
16:25 of 2nd period - Markus Granlund is hit by Anze Kopitar.
16:39 of 2nd period - Shot by Jaden Schwartz.
16:39 of 2nd period - Deflect By Phil Kessel.
16:39 of 2nd period - Stopped by Pavel Francouz without a rebound.
16:40 of 2nd period - Jamie Benn wins face-off versus Jared McCann in Flyers zone.
16:40 of 2nd period - Jakub Voracek is hit by Lawson Crouse and loses puck.
16:53 of 2nd period - Brendan Gallagher is hit by Jared McCann and loses puck.
17:00 of 2nd period - Shot by Jared McCann.
17:00 of 2nd period - Stopped by Pavel Francouz without a rebound.
17:01 of 2nd period - Paul Stastny wins face-off versus Anze Kopitar in Flyers zone.
17:08 of 2nd period - Shot by Tomas Tatar.
17:08 of 2nd period - Stopped by Jacob Markstrom with a rebound.
17:27 of 2nd period - Off-side.
17:28 of 2nd period - Jamie Benn wins face-off versus Phillip Danault in neutral zone.
18:32 of 2nd period - Brandon Carlo is hit by Victor Hedman.
18:39 of 2nd period - Icing by Jonas Brodin.
18:40 of 2nd period - Phil Kessel wins face-off versus Joel Eriksson Ek in Flyers zone.
19:00 of 2nd period - Anze Kopitar is hit by Jonas Brodin and loses puck.
19:18 of 2nd period - Shot by Jaden Schwartz.
19:18 of 2nd period - Shot Misses the Net.
19:20 of 2nd period - Shot by Ryan Ellis.
19:20 of 2nd period - Shot Misses the Net.
19:52 of 2nd period - Shot by Tomas Tatar.
19:52 of 2nd period - Stopped by Jacob Markstrom without a rebound.
19:53 of 2nd period - Jamie Benn wins face-off versus Ivan Barbashev in BlackHawks zone.
Goals for this period are 1 for BlackHawks vs 0 for Flyers.
Shots for this period are 9 for BlackHawks vs 14 for Flyers.

3rd period


0:01 of 3rd period - Anze Kopitar wins face-off versus Jamie Benn in neutral zone.
0:04 of 3rd period - Victor Hedman is hit by Anze Kopitar and loses puck.
0:25 of 3rd period - Shot by Anze Kopitar.
0:25 of 3rd period - Shot Misses the Net.
0:27 of 3rd period - Shot by Ryan Ellis.
0:27 of 3rd period - Stopped by Pavel Francouz with a rebound.
1:03 of 3rd period - Shot by Nick Schmaltz.
1:03 of 3rd period - Stopped by Jacob Markstrom with a rebound.
2:09 of 3rd period - Johan Larsson is hit by Phillip Danault and loses puck.
2:37 of 3rd period - Shot by Adam Larsson.
2:37 of 3rd period - Deflect By Jared McCann.
2:37 of 3rd period - Stopped by Pavel Francouz without a rebound.
2:38 of 3rd period - Jared McCann wins face-off versus Jamie Benn in Flyers zone.
3:27 of 3rd period - Adam Larsson is hit by Jakub Voracek.
4:01 of 3rd period - Shot by Tomas Tatar.
4:01 of 3rd period - Stopped by Jacob Markstrom without a rebound.
4:02 of 3rd period - Ivan Barbashev wins face-off versus Joel Eriksson Ek in BlackHawks zone.
4:04 of 3rd period - Icing by Anze Kopitar.
4:05 of 3rd period - Nick Schmaltz wins face-off versus Ivan Barbashev in BlackHawks zone.
4:24 of 3rd period - Shot by Brandon Carlo.
4:24 of 3rd period - Shot Misses the Net.
5:29 of 3rd period - Off-side.
5:30 of 3rd period - Anze Kopitar wins face-off versus Johan Larsson in neutral zone.
5:33 of 3rd period - Shot by Jaden Schwartz.
5:33 of 3rd period - Shot Misses the Net.
5:35 of 3rd period - Shot by Adam Larsson.
5:35 of 3rd period - Shot Blocked by Victor Hedman.
5:37 of 3rd period - Shot by Johnny Boychuk.
5:37 of 3rd period - Shot Misses the Net.
5:39 of 3rd period - Shot by Jaden Schwartz.
5:39 of 3rd period - Shot Misses the Net.
5:41 of 3rd period - Shot by Anze Kopitar.
5:41 of 3rd period - Shot Blocked by Victor Hedman.
6:06 of 3rd period - Shot by Jaden Schwartz.
6:06 of 3rd period - Stopped by Pavel Francouz without a rebound.
6:07 of 3rd period - Jamie Benn wins face-off versus Phillip Danault in Flyers zone.
6:07 of 3rd period - Jakub Voracek is hit by Phillip Danault and loses puck.
6:23 of 3rd period - Shot by Brendan Gallagher.
6:23 of 3rd period - Goal by Brendan Gallagher - BlackHawks : 2 - Flyers : 4.
6:24 of 3rd period - Paul Stastny wins face-off versus Jared McCann in neutral zone.
6:27 of 3rd period - Shot by Tomas Tatar.
6:27 of 3rd period - Shot Misses the Net.
6:35 of 3rd period - Shot by Curtis Lazar.
6:35 of 3rd period - Stopped by Pavel Francouz without a rebound.
6:36 of 3rd period - Brendan Gallagher wins face-off versus Scott Laughton in Flyers zone.
6:43 of 3rd period - Scott Laughton is hit by Jamie Benn.
7:32 of 3rd period - Minor Penalty to Rasmus Andersson for Tripping.
7:33 of 3rd period - Joel Eriksson Ek wins face-off versus Anze Kopitar in Flyers zone.
7:43 of 3rd period - Icing by Ryan Ellis.
7:44 of 3rd period - Joel Eriksson Ek wins face-off versus Anze Kopitar in BlackHawks zone.
7:48 of 3rd period - Icing by Jaden Schwartz.
7:49 of 3rd period - Anze Kopitar wins face-off versus Joel Eriksson Ek in BlackHawks zone.
9:00 of 3rd period - Shot by Justin Faulk.
9:00 of 3rd period - Shot Misses the Net.
9:02 of 3rd period - Shot by Justin Faulk.
9:02 of 3rd period - Shot Blocked by Victor Hedman.
9:04 of 3rd period - Shot by Brandon Carlo.
9:04 of 3rd period - Shot Blocked by Victor Hedman.
9:06 of 3rd period - Shot by Brandon Carlo.
9:06 of 3rd period - Shot Blocked by Victor Hedman.
9:12 of 3rd period - Shot by Jake Virtanen.
9:12 of 3rd period - Stopped by Pavel Francouz without a rebound.
9:13 of 3rd period - Anze Kopitar wins face-off versus Johan Larsson in Flyers zone.
9:26 of 3rd period - Shot by Ryan Ellis.
9:26 of 3rd period - Stopped by Pavel Francouz with a rebound.
9:28 of 3rd period - Shot by Anze Kopitar.
9:28 of 3rd period - Shot Hit the Post.
9:30 of 3rd period - Shot by Erik Johnson.
9:30 of 3rd period - Stopped by Pavel Francouz without a rebound.
9:31 of 3rd period - Jake Virtanen wins face-off versus Markus Granlund in Flyers zone.
10:18 of 3rd period - Icing by Adam Larsson.
10:19 of 3rd period - Jared McCann wins face-off versus Paul Stastny in BlackHawks zone.
10:40 of 3rd period - Shot by Nick Schmaltz.
10:40 of 3rd period - Shot Misses the Net.
10:43 of 3rd period - Icing by Johnny Boychuk.
10:44 of 3rd period - Joel Eriksson Ek wins face-off versus Jared McCann in BlackHawks zone.
12:13 of 3rd period - Shot by Brandon Carlo.
12:13 of 3rd period - Shot Misses the Net.
12:15 of 3rd period - Shot by Phillip Danault.
12:15 of 3rd period - Shot Misses the Net.
12:17 of 3rd period - Shot by Brandon Carlo.
12:17 of 3rd period - Stopped by Pavel Francouz without a rebound.
12:18 of 3rd period - Paul Stastny wins face-off versus Ivan Barbashev in Flyers zone.
12:29 of 3rd period - Ivan Barbashev is hit by Paul Stastny and loses puck.
12:39 of 3rd period - Icing by Ivan Barbashev.
12:40 of 3rd period - Johan Larsson wins face-off versus Anze Kopitar in BlackHawks zone.
12:47 of 3rd period - Shot by Robert Thomas.
12:47 of 3rd period - Shot Misses the Net.
12:49 of 3rd period - Shot by Ryan Graves.
12:49 of 3rd period - Shot Misses the Net.
13:13 of 3rd period - Johan Larsson is hit by Curtis Lazar and loses puck.
14:11 of 3rd period - Shot by Scott Laughton.
14:11 of 3rd period - Stopped by Pavel Francouz with a rebound.
14:19 of 3rd period - Shot by Ivan Barbashev.
14:19 of 3rd period - Stopped by Pavel Francouz without a rebound.
14:20 of 3rd period - Anze Kopitar wins face-off versus Tomas Tatar in Flyers zone.
14:21 of 3rd period - Shot by Jaden Schwartz.
14:21 of 3rd period - Shot Misses the Net.
14:23 of 3rd period - Shot by Johnny Boychuk.
14:23 of 3rd period - Deflect By Phil Kessel.
14:23 of 3rd period - Stopped by Pavel Francouz without a rebound.
14:24 of 3rd period - Paul Stastny wins face-off versus Anze Kopitar in Flyers zone.
14:35 of 3rd period - Shot by Nick Schmaltz.
14:35 of 3rd period - Deflect By Tomas Tatar.
14:35 of 3rd period - Stopped by Jacob Markstrom without a rebound.
14:36 of 3rd period - Phillip Danault wins face-off versus Jamie Benn in BlackHawks zone.
14:36 of 3rd period - Phillip Danault is hit by Jamie Benn.
14:44 of 3rd period - Shot by Jake Virtanen.
14:44 of 3rd period - Stopped by Pavel Francouz with a rebound.
14:54 of 3rd period - Shot by Jake Virtanen.
14:54 of 3rd period - Shot Hit the Post.
15:27 of 3rd period - Phillip Danault is hit by Paul Stastny and loses puck.
15:36 of 3rd period - Shot by Tomas Tatar.
15:36 of 3rd period - Deflect By Nick Schmaltz.
15:36 of 3rd period - Stopped by Jacob Markstrom without a rebound.
15:37 of 3rd period - Anze Kopitar wins face-off versus Joel Eriksson Ek in BlackHawks zone.
17:26 of 3rd period - Icing by Victor Hedman.
17:27 of 3rd period - Jamie Benn wins face-off versus Phillip Danault in Flyers zone.
17:53 of 3rd period - Icing by Victor Hedman.
17:54 of 3rd period - Jamie Benn wins face-off versus Jared McCann in Flyers zone.
17:59 of 3rd period - Curtis Lazar is hit by Jamie Benn and loses puck.
18:24 of 3rd period - Shot by Lawson Crouse.
18:24 of 3rd period - Stopped by Pavel Francouz with a rebound.
18:26 of 3rd period - Shot by Lawson Crouse.
18:26 of 3rd period - Deflect By Jared McCann.
18:26 of 3rd period - Shot Misses the Net.
18:28 of 3rd period - Shot by Jared McCann.
18:28 of 3rd period - Shot Blocked by Nick Schmaltz.
18:30 of 3rd period - Shot by Lawson Crouse.
18:30 of 3rd period - Stopped by Pavel Francouz without a rebound.
18:31 of 3rd period - Scott Laughton wins face-off versus Joel Eriksson Ek in Flyers zone.
18:31 of 3rd period - Minor Penalty to Ryan Graves for Tripping.
18:32 of 3rd period - Phillip Danault wins face-off versus Joel Eriksson Ek in Flyers zone.
18:41 of 3rd period - Shot by Brandon Carlo.
18:41 of 3rd period - Shot Misses the Net.
18:43 of 3rd period - Shot by Justin Faulk.
18:43 of 3rd period - Shot Misses the Net.
19:01 of 3rd period - Shot by Brandon Carlo.
19:01 of 3rd period - Shot Misses the Net.
19:52 of 3rd period - Shot by Phil Kessel.
19:52 of 3rd period - Stopped by Pavel Francouz with a rebound.
Goals for this period are 0 for BlackHawks vs 1 for Flyers.
Shots for this period are 15 for BlackHawks vs 5 for Flyers.